 Dungeon Crawl Stone Soup version 0.21-a0-352-g5b8f553 (webtiles) character file.

209 LOLbitch the Insei (level 5, -6/41 HPs)
             Began as a Gnoll Transmuter on Oct 11, 2017.
             Killed by divine providence
             ... invoked by an orc priest
              (12 damage)
             ... on level 4 of the Dungeon.
             The game lasted 00:12:46 (2367 turns).

LOLbitch the Insei (Gnoll Transmuter)               Turns: 2367, Time: 00:12:48

Health: -6/41      AC:  3    Str: 14    XL:     5   Next: 87%
Magic:  11/12      EV: 16    Int: 15    God:
Gold:   83         SH:  0    Dex: 15    Spells: 10/14 levels left

rFire    . . .     SeeInvis .   e - +0 trident (vamp)
rCold    . . .     Gourm    .   (no shield)
rNeg     . . .     Faith    .   b - +0 robe
rPois    .         Spirit   .   (no helmet)
rElec    .         Reflect  .   (no cloak)
rCorr    .         Harm     .   k - +0 pair of gloves
MR       .....                  (boots currently unavailable)
Stlth    ++........             (no amulet)
HPRegen  0.13/turn              f - +1 ring of evasion
MPRegen  0.13/turn              (no ring)

@: appendage
A: distributed training, fangs 1, talons 3, strong nose
a: End Transformation


You were on level 4 of the Dungeon.
You were not hungry.
You had grown temporary talons.
You visited 1 branch of the dungeon, and saw 4 of its levels.

You collected 83 gold pieces.

Inventory:

Hand Weapons
 e - a +0 vampiric trident (weapon)
Missiles
 a - 23 arrows
Armour
 b - a +0 robe (worn)
 k - a +0 pair of gloves (worn)
Jewellery
 f - a +1 ring of evasion (left hand)
Scrolls
 g - 4 scrolls of teleportation
 j - 6 scrolls of identify
Potions
 l - a potion of degeneration
 n - a potion of curing
 p - 2 potions of agility
Books
 c - a book of Changes

   Spells                             Type                      Level
   a - Beastly Appendage              Transmutation                1
   b - Sticks to Snakes               Transmutation                2
   c - Spider Form                    Transmutation/Poison         3
   d - Ice Form                       Ice/Transmutation            4
   e - Blade Hands                    Transmutation                5
Comestibles
 d - a bread ration
 h - 3 chunks of flesh
 i - 3 royal jellies


   Skills:
 + Level 3.0 Fighting
 + Level 1.6 Short Blades
 + Level 1.6 Long Blades
 + Level 1.6 Axes
 + Level 1.6 Maces & Flails
 + Level 1.6 Polearms
 + Level 1.6 Staves
 + Level 1.6 Slings
 + Level 1.6 Bows
 + Level 1.6 Crossbows
 + Level 1.6 Throwing
 + Level 1.6 Armour
 + Level 4.8 Dodging
 + Level 1.6 Stealth
 + Level 1.6 Shields
 + Level 6.7 Unarmed Combat
 + Level 5.2 Spellcasting
 + Level 1.6 Conjurations
 + Level 1.6 Hexes
 + Level 1.6 Charms
 + Level 1.6 Summonings
 + Level 1.6 Necromancy
 + Level 1.6 Translocations
 + Level 4.8 Transmutations
 + Level 1.6 Fire Magic
 + Level 1.6 Ice Magic
 + Level 1.6 Air Magic
 + Level 1.6 Earth Magic
 + Level 1.6 Poison Magic
 + Level 1.6 Invocations
 + Level 1.6 Evocations


You had 10 spell levels left.
You knew the following spells:

 Your Spells              Type           Power        Failure   Level  Hunger
a - Beastly Appendage     Tmut           ###...       2%          1    None
b - Spider Form           Tmut/Pois      ##........   12%         3    ###....


Dungeon Overview and Level Annotations

Branches:
Dungeon (4/15)
 Temple: D:4-7

Altars:


Innate Abilities, Weirdness & Mutations

Your experience applies equally to all skills.
You have very sharp teeth.
Your uncanny sense of smell can sniff out nearby items.
You have claws for feet.


Message History

You bite the orc priest, but do no damage.
The orc priest is lightly wounded.
The orc priest invokes the aid of Beogh against you.
Beogh smites you! The orc hits you but does no damage. Something hits you.
You are too injured to fight recklessly!
You hit the orc priest. You claw the orc priest.
You bite the orc priest, but do no damage.
The orc priest is heavily wounded.
The orc priest closely misses you. The orc closely misses you.
Something hits you but does no damage.
The orc priest invokes the aid of Beogh against you.
Beogh smites you!
* * * LOW HITPOINT WARNING * * *
You feel better. Something hits you.
* * * LOW HITPOINT WARNING * * *
The orc hits you with a club.
* * * LOW HITPOINT WARNING * * *
The orc priest calls down the wrath of Beogh upon you.
Beogh smites you!
You die...

.....#.#. #.....#.#
#......# ...## #......#
.....# .. # #..(...#
.....#...
#.####......##....##...
#........((#.##..##.#..
.##......#.#.#..#.#.#
###@o..##.#....#.# .
.......{o.#.##......##.#
#...##...#.#..........#.
## ##...##............#
....#...............
....................
#.$...##.#####.#.##.#
............##.#.# .
......####.##.#..


You could see an orc priest and an orc.

Vanquished Creatures
  An orc priest (D:4)
  An orc wizard (D:4)
  5 adders
  2 oozes
  A worm (D:3)
  2 dart slugs
  6 leopard geckos
  6 orcs
  2 ball pythons (D:2)
  3 giant cockroaches
  11 goblins
  7 hobgoblins
  3 jackals (D:1)
  8 kobolds
  2 quokkas
  7 bats
  4 frilled lizards
  14 rats
85 creatures vanquished.

Notes
Turn   | Place    | Note
-------+----------+-------------------------------------------
     0 | D:1      | LOLbitch the Gnoll Transmuter began the quest for the Orb.
     0 | D:1      | Reached XP level 1. HP: 17/17 MP: 6/6
    83 | D:1      | Reached XP level 2. HP: 19/23 MP: 7/7
   348 | D:1      | Reached XP level 3. HP: 22/28 MP: 9/9
   429 | D:1      | Reached skill level 5 in Spellcasting
  1030 | D:2      | Reached skill level 1 in Short Blades
  1030 | D:2      | Reached skill level 1 in Long Blades
  1030 | D:2      | Reached skill level 1 in Axes
  1030 | D:2      | Reached skill level 1 in Maces & Flails
  1030 | D:2      | Reached skill level 1 in Polearms
  1030 | D:2      | Reached skill level 1 in Staves
  1030 | D:2      | Reached skill level 1 in Slings
  1030 | D:2      | Reached skill level 1 in Bows
  1030 | D:2      | Reached skill level 1 in Crossbows
  1030 | D:2      | Reached skill level 1 in Throwing
  1030 | D:2      | Reached skill level 1 in Armour
  1030 | D:2      | Reached skill level 1 in Stealth
  1030 | D:2      | Reached skill level 1 in Shields
  1030 | D:2      | Reached skill level 1 in Conjurations
  1030 | D:2      | Reached skill level 1 in Hexes
  1030 | D:2      | Reached skill level 1 in Charms
  1030 | D:2      | Reached skill level 1 in Summonings
  1030 | D:2      | Reached skill level 1 in Necromancy
  1030 | D:2      | Reached skill level 1 in Translocations
  1030 | D:2      | Reached skill level 1 in Fire Magic
  1030 | D:2      | Reached skill level 1 in Ice Magic
  1030 | D:2      | Reached skill level 1 in Air Magic
  1030 | D:2      | Reached skill level 1 in Earth Magic
  1030 | D:2      | Reached skill level 1 in Poison Magic
  1030 | D:2      | Reached skill level 1 in Invocations
  1030 | D:2      | Reached skill level 1 in Evocations
  1056 | D:2      | Reached XP level 4. HP: 20/34 MP: 11/11
  1516 | D:2      | You fall through a shaft!
  1541 | D:3      | Learned a level 3 spell: Spider Form
  1964 | D:3      | Reached XP level 5. HP: 22/40 MP: 12/12
  2367 | D:4      | Killed from afar by an orc priest

Vault maps used:
D:1:      ncdulo_smallfort, serial_bayou_lake_a
D:2:      serial_co_window_serial, co_window_paths_b, co_window_cross_1,
          co_window_paths_b, co_window_paths_a, co_window_of_opportunity_a,
          co_window_of_opportunity_c, co_window_broadway_c, co_window_corner_ca,
          co_window_unsneaky_path_c, co_window_corner_b, co_window_paths_c,
          co_window_paths_e, co_window_paths_d, minmay_misc_feat_diagonals
D:4:      lemuel_coloured_pillars_altar, serial_shops, shop, minivault_26,
          minmay_misc_feat_secret_circle, kennysheep_minor_cross, minivault_23

Skill      XL: |  1  2  3  4  5 |
---------------+----------------+-----
Spellcasting   | 5 |  5.2
Short Blades   | 1 |  1.6
Long Blades    | 1 |  1.6
Axes           | 1 |  1.6
Maces & Flails | 1 |  1.6
Polearms       | 1 |  1.6
Staves         | 1 |  1.6
Slings         | 1 |  1.6
Bows           | 1 |  1.6
Crossbows      | 1 |  1.6
Throwing       | 1 |  1.6
Armour         | 1 |  1.6
Stealth        | 1 |  1.6
Shields        | 1 |  1.6
Conjurations   | 1 |  1.6
Hexes          | 1 |  1.6
Charms         | 1 |  1.6
Summonings     | 1 |  1.6
Necromancy     | 1 |  1.6
Translocations | 1 |  1.6
Fire Magic     | 1 |  1.6
Ice Magic      | 1 |  1.6
Air Magic      | 1 |  1.6
Earth Magic    | 1 |  1.6
Poison Magic   | 1 |  1.6
Invocations    | 1 |  1.6
Evocations     | 1 |  1.6
Fighting       | 3 |  3.0
Dodging        | |  4.8
Unarmed Combat | |  6.7
Transmutations | |  4.8

Action                   |  1- 3 |  4- 6 || total
-------------------------+-------+-------++-------
Melee: Unarmed           |   129 |    96 ||   225
       Punch             |     5 |     2 ||     7
       Bite              |     4 |     9 ||    13
       Kick              |     1 |     7 ||     8
       Headbutt          |       |     6 ||     6
       Trident           |       |     8 ||     8
 Cast: Beastly Appendage |     1 |     8 ||     9
       Spider Form       |       |     2 ||     2
 Abil: End Transformatio |       |     2 ||     2
  Use: Scroll            |     2 |     8 ||    10
       Potion            |       |     1 ||     1
 Stab: Sleeping          |     1 |     4 ||     5
  Eat: Chunk             |     1 |       ||     1
       Meat ration       |       |     1 ||     1
       Bread ration      |       |     1 ||     1
Armor: Robe              |     7 |    22 ||    29
Dodge: Dodged            |    82 |    80 ||   162

Table legend:
 A = Spawn XP
 B = Non-spawn XP
 C = Spawn XP percentage of total XP
 D = Spawn monster count
 E = Non-spawn monster count
 F = Spawn count percentage of total count
 G = Total turns spent on level
                    A         B        C        D         E        F      G
               +---------+---------+-------+---------+---------+-------+---------
         Total |       0 |     299 |   0.0 |       0 |      85 |   0.0 |  2367
               +---------+---------+-------+---------+---------+-------+---------
           D:1 |       0 |      56 |   0.0 |       0 |      30 |   0.0 |   995
           D:2 |       0 |      49 |   0.0 |       0 |      21 |   0.0 |   521
           D:3 |       0 |      90 |   0.0 |       0 |      25 |   0.0 |   694
           D:4 |       0 |     104 |   0.0 |       0 |       9 |   0.0 |   157
               +---------+---------+-------+---------+---------+-------+---------
